| Goals | Penalties |
1. Wolf Pack , Carl Grundstrom 22 (Michael Pezzetta 21, Oskar Back 28) at 2:26
2. Wolf Pack , Michael Pezzetta 12 (Oskar Back 29, Carl Grundstrom 21) at 5:59
3. Wolf Pack , Michael Pezzetta 13 (Gustav Lindström 18) at 19:53
|
Gustav Lindström (NYR) for Tripping (Minor) at 15:44
|
4. Thunderbirds , John Leonard 14 (Uvis Balinskis 16, Arthur Kaliyev 15) at 3:59
5. Thunderbirds , Ross Johnston 10 (Vinni Lettieri 16, Uvis Balinskis 17) at 5:37 (SH)
6. Wolf Pack , Dalibor Dvorsky 7 (Zac Jones 21) at 15:30
|
John Leonard (STL) for Cross-checking (Minor) at 5:22 Zac Jones (NYR) for Interference (Minor) at 11:51 William Trudeau (STL) for Holding Stick (Minor) at 16:37
|
No Goal
|
Brian Pinho (NYR) for Tripping (Minor) at 3:13 Gustav Lindström (NYR) for Hooking (Minor) at 13:53
|
|
Devon Levi (STL), 27 saves from 31 shots - (0,871), L, 7-4-2, 60:00 minutes
Alex Lyon (NYR), 29 saves from 31 shots - (0,935), W, 22-4-2, 60:00 minutes
|
|
1 - Michael Pezzetta (NYR)
2 - Carl Grundstrom (NYR)
3 - Oskar Back (NYR)
|
Referees : Stephen Hiff and Michael Sullivan
Linesman : Matt MacPherson and Patrick Dapuzzo
|
|
| No Game Note
|
| Team Name |
Goals |
Shots |
Shots Attemp |
Shots Blocked |
PIM |
HIT |
PP |
PK |
FO% |
| Thunderbirds |
2 | 31 | 64 | 13 | 4 | 25 | 0 / 4 (0%) | 0 | 52% |
| Wolf Pack |
4 | 31 | 54 | 20 | 8 | 13 | 0 / 2 (0%) | 0 | 48% |
Thunderbirds
| Player Name |
POS |
G |
A |
P |
+/- |
PIM |
HIT |
SHT |
SB |
MP |
PP MP |
PP SHT |
PK MP |
PK SHT |
FO% |
FOT |
GA |
TA |
| Arthur Kaliyev | RW | 0 | 1 | 1 | -1 | 0 | 4 | 5 | 0 | 18:54 | 4:38 | 1 | 0:00 | 0 | 40% |
5 | 0 | 0 |
| Ben McCartney | LW | 0 | 0 | 0 | 0 | 0 | 0 | 1 | 0 | 11:11 | 0:00 | 0 | 0:58 | 0 | 0% |
0 | 0 | 1 |
| Cole Guttman | C/LW/RW | 0 | 0 | 0 | -1 | 0 | 1 | 3 | 0 | 16:03 | 3:18 | 0 | 0:00 | 0 | 75% |
8 | 1 | 0 |
| Corey Schueneman | D | 0 | 0 | 0 | 0 | 0 | 2 | 2 | 0 | 19:16 | 0:00 | 0 | 1:32 | 0 | 0% |
0 | 0 | 0 |
| Corson Ceulemans | D | 0 | 0 | 0 | -1 | 0 | 0 | 0 | 1 | 13:32 | 0:00 | 0 | 0:45 | 0 | 0% |
0 | 0 | 0 |
| Denton Mateychuk | D | 0 | 0 | 0 | -1 | 0 | 4 | 2 | 5 | 26:01 | 5:46 | 0 | 2:26 | 0 | 0% |
0 | 0 | 4 |
| Hunter Haight | C | 0 | 0 | 0 | -1 | 0 | 0 | 1 | 0 | 12:20 | 0:00 | 0 | 0:34 | 0 | 30% |
10 | 1 | 0 |
| Jason Polin | RW | 0 | 0 | 0 | -1 | 0 | 0 | 1 | 1 | 11:13 | 0:00 | 0 | 0:00 | 0 | 100% |
1 | 0 | 0 |
| John Leonard | LW | 1 | 0 | 1 | -1 | 2 | 3 | 1 | 1 | 19:37 | 4:38 | 0 | 0:43 | 0 | 0% |
2 | 0 | 0 |
| Josh Jacobs | D | 0 | 0 | 0 | -1 | 0 | 0 | 0 | 1 | 15:01 | 2:10 | 0 | 0:00 | 0 | 0% |
0 | 0 | 0 |
| Konsta Helenius | C | 0 | 0 | 0 | 0 | 0 | 1 | 1 | 0 | 10:14 | 0:00 | 0 | 0:44 | 0 | 67% |
3 | 0 | 0 |
| Kurtis MacDermid | LW | 0 | 0 | 0 | -1 | 0 | 2 | 2 | 0 | 14:01 | 3:18 | 0 | 0:00 | 0 | 0% |
0 | 1 | 1 |
| Ross Johnston | LW/RW | 1 | 0 | 1 | 0 | 0 | 2 | 2 | 0 | 18:50 | 3:18 | 1 | 2:28 | 1 | 0% |
0 | 1 | 2 |
| Tristen Robins | RW | 0 | 0 | 0 | 0 | 0 | 1 | 2 | 0 | 8:52 | 0:00 | 0 | 0:00 | 0 | 0% |
0 | 0 | 0 |
| Uvis Balinskis | D | 0 | 2 | 2 | 0 | 0 | 2 | 3 | 2 | 27:16 | 5:47 | 0 | 2:26 | 0 | 0% |
0 | 3 | 1 |
| Vinni Lettieri | C/LW/RW | 0 | 1 | 1 | 0 | 0 | 0 | 4 | 0 | 21:41 | 4:38 | 3 | 2:29 | 0 | 56% |
32 | 0 | 0 |
| William Trudeau | D | 0 | 0 | 0 | -1 | 2 | 1 | 0 | 1 | 19:07 | 2:09 | 0 | 0:47 | 0 | 0% |
0 | 0 | 0 |
| Xavier Bourgault | RW | 0 | 0 | 0 | -1 | 0 | 2 | 1 | 1 | 12:51 | 0:00 | 0 | 0:00 | 0 | 0% |
0 | 0 | 0 |
Wolf Pack
| Player Name |
POS |
G |
A |
P |
+/- |
PIM |
HIT |
SHT |
SB |
MP |
PP MP |
PP SHT |
PK MP |
PK SHT |
FO% |
FOT |
GA |
TA |
| Brian Pinho | C/LW/RW | 0 | 0 | 0 | 0 | 2 | 0 | 0 | 0 | 16:57 | 1:34 | 0 | 2:22 | 0 | 38% |
8 | 1 | 0 |
| Carl Grundstrom | RW | 1 | 1 | 2 | 2 | 0 | 1 | 3 | 1 | 18:22 | 2:24 | 1 | 0:00 | 0 | 50% |
2 | 2 | 0 |
| Dalibor Dvorsky | RW | 1 | 0 | 1 | 0 | 0 | 1 | 1 | 1 | 14:13 | 1:34 | 0 | 0:00 | 0 | 0% |
0 | 0 | 1 |
| Devin Kaplan | RW | 0 | 0 | 0 | 0 | 0 | 2 | 3 | 0 | 12:45 | 0:00 | 0 | 0:00 | 0 | 0% |
1 | 0 | 1 |
| Gustav Lindström | D | 0 | 1 | 1 | 2 | 4 | 1 | 2 | 1 | 24:16 | 2:42 | 0 | 2:37 | 0 | 0% |
0 | 0 | 2 |
| Ivan Miroshnichenko | LW/RW | 0 | 0 | 0 | 0 | 0 | 1 | 2 | 0 | 17:12 | 1:34 | 0 | 2:51 | 0 | 0% |
1 | 0 | 0 |
| Jack Millar | D | 0 | 0 | 0 | 0 | 0 | 0 | 0 | 0 | 11:46 | 0:00 | 0 | 0:16 | 0 | 0% |
0 | 0 | 0 |
| Logan Brown | C | 0 | 0 | 0 | 0 | 0 | 2 | 1 | 0 | 13:37 | 0:00 | 0 | 1:00 | 0 | 71% |
7 | 0 | 2 |
| Luke Rowe | D | 0 | 0 | 0 | 0 | 0 | 1 | 1 | 2 | 14:00 | 0:00 | 0 | 2:26 | 0 | 0% |
0 | 0 | 0 |
| Mark Friedman | D | 0 | 0 | 0 | 0 | 0 | 1 | 0 | 1 | 21:22 | 1:16 | 0 | 2:28 | 0 | 0% |
0 | 0 | 0 |
| Michael Pezzetta | LW | 2 | 1 | 3 | 2 | 0 | 1 | 5 | 2 | 22:47 | 2:24 | 0 | 4:41 | 0 | 100% |
1 | 0 | 0 |
| Oskar Back | C | 0 | 2 | 2 | 2 | 0 | 1 | 1 | 3 | 22:50 | 2:24 | 0 | 4:43 | 0 | 47% |
38 | 0 | 0 |
| Reid Schaefer | LW | 0 | 0 | 0 | 0 | 0 | 0 | 1 | 0 | 7:29 | 0:00 | 0 | 0:15 | 0 | 0% |
0 | 0 | 0 |
| Ryder Korczak | C | 0 | 0 | 0 | 0 | 0 | 0 | 1 | 0 | 6:32 | 0:00 | 0 | 0:00 | 0 | 33% |
3 | 0 | 0 |
| Taylor Ward | RW | 0 | 0 | 0 | 0 | 0 | 1 | 6 | 0 | 7:47 | 0:00 | 0 | 0:00 | 0 | 0% |
0 | 1 | 0 |
| Tobie Bisson | D | 0 | 0 | 0 | 0 | 0 | 0 | 0 | 5 | 23:06 | 1:16 | 0 | 4:12 | 0 | 0% |
0 | 1 | 0 |
| William Stromgren | LW | 0 | 0 | 0 | 0 | 0 | 0 | 2 | 2 | 11:24 | 0:00 | 0 | 0:00 | 0 | 0% |
0 | 4 | 0 |
| Zac Jones | D | 0 | 1 | 1 | 2 | 2 | 0 | 2 | 2 | 25:35 | 2:42 | 0 | 3:53 | 0 | 0% |
0 | 0 | 1 |
Thunderbirds
| 5 vs 5 Forward |
|---|
| Line # | Left Wing | Center | Right Wing | PHY | DF | OF | Wanted % | Time % | Time Play |
| 1 | John Leonard | Vinni Lettieri | Arthur Kaliyev | 1 | 1 | 3 | 39 | 30% | 14:19
|
| 2 | Ross Johnston | Cole Guttman | Xavier Bourgault | 1 | 2 | 2 | 30 | 30% | 14:33
|
| 3 | Kurtis MacDermid | Hunter Haight | Jason Polin | 1 | 2 | 2 | 21 | 22% | 10:22
|
| 4 | Ben McCartney | Konsta Helenius | Tristen Robins | 1 | 2 | 2 | 10 | 18% | 8:52
|
| 5 vs 5 Defense |
|---|
| Line # | Defense | Defense | | PHY | DF | OF | Wanted % | Time % | Time Play |
| 1 | Uvis Balinskis | Corey Schueneman | | 1 | 2 | 2 | 38 | 40% | 19:04
|
| 2 | Denton Mateychuk | William Trudeau | | 1 | 2 | 2 | 31 | 31% | 14:53
|
| 3 | Corson Ceulemans | Josh Jacobs | | 1 | 2 | 2 | 21 | 24% | 11:41
|
| 4 | Uvis Balinskis | Denton Mateychuk | | 1 | 2 | 2 | 10 | 5% | 2:28
|
| Power Play Forward |
|---|
| Line # | Left Wing | Center | Right Wing | PHY | DF | OF | Wanted % | Time % | Time Play |
| 1 | John Leonard | Vinni Lettieri | Arthur Kaliyev | 1 | 1 | 3 | 60 | 58% | 4:38
|
| 2 | Kurtis MacDermid | Cole Guttman | Ross Johnston | 1 | 1 | 3 | 40 | 42% | 3:18
|
| Power Play Defense |
|---|
| Line # | Defense | Defense | | PHY | DF | OF | Wanted % | Time % | Time Play |
| 1 | Uvis Balinskis | Denton Mateychuk | | 1 | 1 | 3 | 63 | 100% | 7:56
|
| 2 | Uvis Balinskis | Denton Mateychuk | | 1 | 1 | 3 | 37 | 0% | 0:00
|
| Penalty Kill 4 Players Forward |
|---|
| Line # | Center | Wing | PHY | DF | OF | Wanted % | Time % | Time Play |
| 1 | Vinni Lettieri | Ross Johnston | 1 | 3 | 1 | 60 | 82% | 3:14
|
| 2 | Konsta Helenius | John Leonard | 1 | 3 | 1 | 40 | 18% | 0:44
|
| Penalty Kill 4 Players Defense |
|---|
| Line # | Defense | Defense | PHY | DF | OF | Wanted % | Time % | Time Play |
| 1 | Uvis Balinskis | Denton Mateychuk | 1 | 3 | 1 | 60 | 61% | 2:26
|
| 2 | Corey Schueneman | William Trudeau | 1 | 3 | 1 | 40 | 39% | 1:32
|
| Penalty Kill 3 Players |
|---|
| Line # | Wing | PHY | DF | OF | Wanted % | Time % | Time Play | Defense | Defense | PHY | DF | OF | Wanted % | Time % | Time Play |
| 1 | Vinni Lettieri | 1 | 4 | 0 | 60 | 0% | 0:00
| Uvis Balinskis | Denton Mateychuk | 1 | 4 | 0 | 60 | 0% | 0:00
|
| 2 | Ross Johnston | 1 | 4 | 0 | 40 | 0% | 0:00
| Corey Schueneman | William Trudeau | 1 | 4 | 0 | 40 | 0% | 0:00
|
| 4 vs 4 Forward |
|---|
| Line # | Center | Wing | PHY | DF | OF | Wanted % | Time % | Time Play |
| 1 | Vinni Lettieri | Arthur Kaliyev | 1 | 2 | 2 | 60 | 0% | 0:00
|
| 2 | Cole Guttman | Ross Johnston | 1 | 2 | 2 | 40 | 0% | 0:00
|
| 4 vs 4 Defense |
|---|
| Line # | Defense | | PHY | DF | OF | Wanted % | Time % | Time Play |
| 1 | Uvis Balinskis | Denton Mateychuk | 1 | 2 | 2 | 60 | 0% | 0:00
|
| 2 | Corey Schueneman | William Trudeau | 1 | 2 | 2 | 40 | 0% | 0:00
|
| Last Minutes Offensive |
|---|
| Left Wing | Center | Right Wing | Defense | Defense |
| John Leonard | Vinni Lettieri | Arthur Kaliyev | Uvis Balinskis | Denton Mateychuk |
| Last Minutes Defensive |
|---|
| Left Wing | Center | Right Wing | Defense | Defense |
| Kurtis MacDermid | Vinni Lettieri | Ross Johnston | Uvis Balinskis | Denton Mateychuk |
| Time |
|---|
| Total Forward | Total Defense | Last Minutes Offensive | Last Minutes Defensive |
| 60:00 |
60:00 |
0:00 | 0:00 |
| Extra Forwards |
|---|
| Normal | PowerPlay | Penalty Kill |
|
John Leonard, Cole Guttman, Ben McCartney | John Leonard, Cole Guttman | John Leonard |
| Extra Defensemen |
|---|
| Normal | PowerPlay | Penalty Kill |
|
William Trudeau, Corson Ceulemans, Josh Jacobs | William Trudeau, William Trudeau | Corson Ceulemans |
| Penalty Shots |
|---|
|
Uvis Balinskis, Vinni Lettieri, Denton Mateychuk, John Leonard, Arthur Kaliyev |
| Goalie |
|---|
| Devon Levi, Kaapo Kahkonen |
| Scratches |
|---|
|
Tucker Robertson (Healthy), Aleksi Heimosalmi (Healthy), Eduard Sale (Healthy), Ian Moore (Healthy), William Dufour (Healthy)
Taylor Gauthier (Healthy) |
Wolf Pack
| 5 vs 5 Forward |
|---|
| Line # | Left Wing | Center | Right Wing | PHY | DF | OF | Wanted % | Time % | Time Play |
| 1 | Michael Pezzetta | Oskar Back | Carl Grundstrom | 1 | 2 | 2 | 40 | 34% | 16:25
|
| 2 | Ivan Miroshnichenko | Brian Pinho | Dalibor Dvorsky | 1 | 2 | 2 | 30 | 29% | 13:45
|
| 3 | William Stromgren | Logan Brown | Devin Kaplan | 1 | 2 | 2 | 20 | 24% | 11:24
|
| 4 | Reid Schaefer | Ryder Korczak | Taylor Ward | 1 | 2 | 2 | 10 | 14% | 6:32
|
| 5 vs 5 Defense |
|---|
| Line # | Defense | Defense | | PHY | DF | OF | Wanted % | Time % | Time Play |
| 1 | Zac Jones | Gustav Lindström | | 1 | 2 | 2 | 40 | 37% | 17:35
|
| 2 | Mark Friedman | Tobie Bisson | | 1 | 2 | 2 | 30 | 37% | 17:38
|
| 3 | Luke Rowe | Jack Millar | | 1 | 2 | 2 | 20 | 24% | 11:30
|
| 4 | Zac Jones | Gustav Lindström | | 1 | 2 | 2 | 10 | 3% | 1:23
|
| Power Play Forward |
|---|
| Line # | Left Wing | Center | Right Wing | PHY | DF | OF | Wanted % | Time % | Time Play |
| 1 | Michael Pezzetta | Oskar Back | Carl Grundstrom | 1 | 2 | 2 | 60 | 61% | 2:24
|
| 2 | Ivan Miroshnichenko | Brian Pinho | Dalibor Dvorsky | 1 | 2 | 2 | 40 | 39% | 1:34
|
| Power Play Defense |
|---|
| Line # | Defense | Defense | | PHY | DF | OF | Wanted % | Time % | Time Play |
| 1 | Zac Jones | Gustav Lindström | | 1 | 2 | 2 | 60 | 68% | 2:42
|
| 2 | Mark Friedman | Tobie Bisson | | 1 | 2 | 2 | 40 | 32% | 1:16
|
| Penalty Kill 4 Players Forward |
|---|
| Line # | Center | Wing | PHY | DF | OF | Wanted % | Time % | Time Play |
| 1 | Oskar Back | Michael Pezzetta | 1 | 2 | 2 | 60 | 79% | 6:18
|
| 2 | Brian Pinho | Ivan Miroshnichenko | 1 | 2 | 2 | 40 | 21% | 1:38
|
| Penalty Kill 4 Players Defense |
|---|
| Line # | Defense | Defense | PHY | DF | OF | Wanted % | Time % | Time Play |
| 1 | Zac Jones | Gustav Lindström | 1 | 2 | 2 | 60 | 69% | 5:28
|
| 2 | Mark Friedman | Tobie Bisson | 1 | 2 | 2 | 40 | 31% | 2:28
|
| Penalty Kill 3 Players |
|---|
| Line # | Wing | PHY | DF | OF | Wanted % | Time % | Time Play | Defense | Defense | PHY | DF | OF | Wanted % | Time % | Time Play |
| 1 | Oskar Back | 1 | 2 | 2 | 60 | 0% | 0:00
| Zac Jones | Gustav Lindström | 1 | 2 | 2 | 60 | 0% | 0:00
|
| 2 | Brian Pinho | 1 | 2 | 2 | 40 | 0% | 0:00
| Mark Friedman | Tobie Bisson | 1 | 2 | 2 | 40 | 0% | 0:00
|
| 4 vs 4 Forward |
|---|
| Line # | Center | Wing | PHY | DF | OF | Wanted % | Time % | Time Play |
| 1 | Oskar Back | Michael Pezzetta | 1 | 2 | 2 | 60 | 0% | 0:00
|
| 2 | Brian Pinho | Ivan Miroshnichenko | 1 | 2 | 2 | 40 | 0% | 0:00
|
| 4 vs 4 Defense |
|---|
| Line # | Defense | | PHY | DF | OF | Wanted % | Time % | Time Play |
| 1 | Zac Jones | Gustav Lindström | 1 | 2 | 2 | 60 | 0% | 0:00
|
| 2 | Mark Friedman | Tobie Bisson | 1 | 2 | 2 | 40 | 0% | 0:00
|
| Last Minutes Offensive |
|---|
| Left Wing | Center | Right Wing | Defense | Defense |
| Michael Pezzetta | Oskar Back | Carl Grundstrom | Zac Jones | Gustav Lindström |
| Last Minutes Defensive |
|---|
| Left Wing | Center | Right Wing | Defense | Defense |
| Michael Pezzetta | Oskar Back | Carl Grundstrom | Zac Jones | Gustav Lindström |
| Time |
|---|
| Total Forward | Total Defense | Last Minutes Offensive | Last Minutes Defensive |
| 60:00 |
60:00 |
0:00 | 0:00 |
| Extra Forwards |
|---|
| Normal | PowerPlay | Penalty Kill |
|
Brian Pinho, Devin Kaplan, Taylor Ward | Brian Pinho, Devin Kaplan | Brian Pinho |
| Extra Defensemen |
|---|
| Normal | PowerPlay | Penalty Kill |
|
Tobie Bisson, Luke Rowe, Jack Millar | Tobie Bisson, Tobie Bisson | Luke Rowe |
| Penalty Shots |
|---|
|
Carl Grundstrom, Michael Pezzetta, Oskar Back, Ivan Miroshnichenko, Brian Pinho |
| Goalie |
|---|
| Alex Lyon, Isaac Poulter |
| Scratches |
|---|
|
Matt Filipe (Healthy), Noah Laba (Healthy), Donovan Sebrango (Healthy), Daniil Chayka (Healthy), Lucas Edmonds (Healthy)
Michael Milne (Healthy), Oskar Olausson (Healthy), Raivis Ansons (Healthy) |
Play-by-Play
1st period
0:01 of 1st period - Vinni Lettieri wins face-off versus Oskar Back in neutral zone.
0:15 of 1st period - Wrist shot by Carl Grundstrom.
0:15 of 1st period - Shot Misses the Net.
0:32 of 1st period - Wrist shot by Ivan Miroshnichenko.
0:32 of 1st period - Stopped by Devon Levi without a rebound.
0:33 of 1st period - Logan Brown wins face-off versus Hunter Haight in Thunderbirds zone.
0:48 of 1st period - Snap shot by Devin Kaplan.
0:48 of 1st period - Shot Blocked by Denton Mateychuk.
1:00 of 1st period - Wrist shot by Taylor Ward.
1:00 of 1st period - Stopped by Devon Levi with a rebound.
2:02 of 1st period - Icing by Devin Kaplan.
2:03 of 1st period - Logan Brown wins face-off versus Hunter Haight in Wolf Pack zone.
2:16 of 1st period - Slapshot by Kurtis MacDermid.
2:16 of 1st period - Deflect By Hunter Haight.
2:16 of 1st period - Shot Blocked by William Stromgren.
2:16 of 1st period - Puck is out of play.
2:17 of 1st period - Oskar Back wins face-off versus Vinni Lettieri in Wolf Pack zone.
2:24 of 1st period - Snap shot by Michael Pezzetta.
2:24 of 1st period - Shot Misses the Net.
2:26 of 1st period - Snap shot by Carl Grundstrom.
2:26 of 1st period - Goal by Carl Grundstrom - Thunderbirds : 0 - Wolf Pack : 1.
2:27 of 1st period - Cole Guttman wins face-off versus Oskar Back in neutral zone.
2:38 of 1st period - Snap shot by Xavier Bourgault.
2:38 of 1st period - Shot Misses the Net.
3:20 of 1st period - Off-side.
3:21 of 1st period - Cole Guttman wins face-off versus Ryder Korczak in neutral zone.
3:36 of 1st period - Wrist shot by Ryder Korczak.
3:36 of 1st period - Shot Blocked by Denton Mateychuk.
3:38 of 1st period - Slapshot by Tobie Bisson.
3:38 of 1st period - Shot Misses the Net.
4:10 of 1st period - Wrist shot by Taylor Ward.
4:10 of 1st period - Shot Misses the Net.
4:12 of 1st period - Snap shot by Tobie Bisson.
4:12 of 1st period - Shot Misses the Net.
4:14 of 1st period - Snap shot by Taylor Ward.
4:14 of 1st period - Stopped by Devon Levi with a rebound.
4:16 of 1st period - Slapshot by Reid Schaefer.
4:16 of 1st period - Stopped by Devon Levi with a rebound.
4:18 of 1st period - Snap shot by Mark Friedman.
4:18 of 1st period - Shot Blocked by Denton Mateychuk.
4:20 of 1st period - Snap shot by Taylor Ward.
4:20 of 1st period - Stopped by Devon Levi with a rebound.
4:28 of 1st period - Slapshot by Taylor Ward.
4:28 of 1st period - Stopped by Devon Levi without a rebound.
4:29 of 1st period - Vinni Lettieri wins face-off versus Oskar Back in Thunderbirds zone.
5:30 of 1st period - Jack Millar is hit by Konsta Helenius and loses puck.
5:43 of 1st period - Snap shot by Carl Grundstrom.
5:43 of 1st period - Deflect By Oskar Back.
5:43 of 1st period - Stopped by Devon Levi without a rebound.
5:44 of 1st period - Carl Grundstrom wins face-off versus Hunter Haight in Thunderbirds zone.
5:57 of 1st period - Snap shot by Michael Pezzetta.
5:57 of 1st period - Stopped by Devon Levi with a rebound.
5:59 of 1st period - Snap shot by Michael Pezzetta.
5:59 of 1st period - Goal by Michael Pezzetta - Thunderbirds : 0 - Wolf Pack : 2.
6:00 of 1st period - Vinni Lettieri wins face-off versus Oskar Back in neutral zone.
6:07 of 1st period - Oskar Back is hit by Uvis Balinskis and loses puck.
6:30 of 1st period - Gustav Lindström is hit by Ross Johnston and loses puck.
7:08 of 1st period - Icing by Hunter Haight.
7:09 of 1st period - Konsta Helenius wins face-off versus Ryder Korczak in Thunderbirds zone.
7:16 of 1st period - Slapshot by Denton Mateychuk.
7:16 of 1st period - Stopped by Alex Lyon without a rebound.
7:17 of 1st period - Vinni Lettieri wins face-off versus Oskar Back in Wolf Pack zone.
7:30 of 1st period - Wrist shot by Carl Grundstrom.
7:30 of 1st period - Shot Blocked by Corson Ceulemans.
7:44 of 1st period - Dalibor Dvorsky is hit by Xavier Bourgault and loses puck.
8:02 of 1st period - Icing by Ross Johnston.
8:03 of 1st period - Logan Brown wins face-off versus Hunter Haight in Thunderbirds zone.
8:29 of 1st period - Jason Polin is hit by Gustav Lindström.
8:41 of 1st period - Slapshot by Devin Kaplan.
8:41 of 1st period - Stopped by Devon Levi without a rebound.
8:42 of 1st period - Arthur Kaliyev wins face-off versus Oskar Back in Thunderbirds zone.
8:49 of 1st period - Wrist shot by Arthur Kaliyev.
8:49 of 1st period - Shot Blocked by Zac Jones.
8:51 of 1st period - Slapshot by Corey Schueneman.
8:51 of 1st period - Stopped by Alex Lyon with a rebound.
8:53 of 1st period - Snap shot by John Leonard.
8:53 of 1st period - Shot Misses the Net.
8:55 of 1st period - Snap shot by Arthur Kaliyev.
8:55 of 1st period - Stopped by Alex Lyon with a rebound.
8:57 of 1st period - Slapshot by Uvis Balinskis.
8:57 of 1st period - Shot Misses the Net.
9:17 of 1st period - Slapshot by Ivan Miroshnichenko.
9:17 of 1st period - Stopped by Devon Levi with a rebound.
9:34 of 1st period - Off-side.
9:35 of 1st period - Oskar Back wins face-off versus Vinni Lettieri in neutral zone.
10:00 of 1st period - William Trudeau is hit by Ivan Miroshnichenko and loses puck.
11:19 of 1st period - Ross Johnston is hit by Dalibor Dvorsky and loses puck.
11:38 of 1st period - Devin Kaplan is hit by Denton Mateychuk and loses puck.
11:45 of 1st period - Slapshot by Devin Kaplan.
11:45 of 1st period - Stopped by Devon Levi without a rebound.
11:46 of 1st period - Oskar Back wins face-off versus Vinni Lettieri in Thunderbirds zone.
11:59 of 1st period - Slapshot by Carl Grundstrom.
11:59 of 1st period - Shot Misses the Net.
12:01 of 1st period - Wrist shot by Oskar Back.
12:01 of 1st period - Deflect By Carl Grundstrom.
12:01 of 1st period - Stopped by Devon Levi with a rebound.
12:11 of 1st period - Brian Pinho is hit by Ross Johnston and loses puck.
12:24 of 1st period - Wrist shot by Ross Johnston.
12:24 of 1st period - Deflect By Cole Guttman.
12:24 of 1st period - Stopped by Alex Lyon without a rebound.
12:25 of 1st period - Vinni Lettieri wins face-off versus Oskar Back in Wolf Pack zone.
12:26 of 1st period - Backhand shot by Arthur Kaliyev.
12:26 of 1st period - Stopped by Alex Lyon with a rebound.
13:26 of 1st period - Icing by Uvis Balinskis.
13:27 of 1st period - Hunter Haight wins face-off versus Oskar Back in Thunderbirds zone.
13:34 of 1st period - Slapshot by Uvis Balinskis.
13:34 of 1st period - Deflect By Oskar Back.
13:34 of 1st period - Stopped by Alex Lyon without a rebound.
13:35 of 1st period - Oskar Back wins face-off versus Arthur Kaliyev in Wolf Pack zone.
13:43 of 1st period - Icing by Denton Mateychuk.
13:44 of 1st period - Vinni Lettieri wins face-off versus Carl Grundstrom in Thunderbirds zone.
14:21 of 1st period - Off-side.
14:22 of 1st period - Oskar Back wins face-off versus Hunter Haight in neutral zone.
15:21 of 1st period - Snap shot by Hunter Haight.
15:21 of 1st period - Shot Misses the Net.
15:23 of 1st period - Wrist shot by Kurtis MacDermid.
15:23 of 1st period - Deflect By Hunter Haight.
15:23 of 1st period - Stopped by Alex Lyon with a rebound.
15:25 of 1st period - Wrist shot by Jason Polin.
15:25 of 1st period - Stopped by Alex Lyon without a rebound.
15:26 of 1st period - Vinni Lettieri wins face-off versus Oskar Back in Wolf Pack zone.
15:27 of 1st period - Snap shot by Arthur Kaliyev.
15:27 of 1st period - Stopped by Alex Lyon with a rebound.
15:44 of 1st period - Minor Penalty to Gustav Lindström for Tripping.
15:45 of 1st period - Oskar Back wins face-off versus Vinni Lettieri in Wolf Pack zone.
15:57 of 1st period - Backhand shot by Vinni Lettieri.
15:57 of 1st period - Stopped by Alex Lyon with a rebound.
16:21 of 1st period - Slapshot by Uvis Balinskis.
16:21 of 1st period - Shot Blocked by Zac Jones.
16:23 of 1st period - Snap shot by Ross Johnston.
16:23 of 1st period - Stopped by Alex Lyon without a rebound.
16:24 of 1st period - Cole Guttman wins face-off versus Brian Pinho in Wolf Pack zone.
16:55 of 1st period - Oskar Back is hit by Denton Mateychuk and loses puck.
17:44 of 1st period - Penalty to Gustav Lindström is over, Gustav Lindström is back on ice.
18:10 of 1st period - Snap shot by Zac Jones.
18:10 of 1st period - Stopped by Devon Levi with a rebound.
18:12 of 1st period - Snap shot by Zac Jones.
18:12 of 1st period - Shot Blocked by Jason Polin.
18:14 of 1st period - Slapshot by Zac Jones.
18:14 of 1st period - Deflect By Kurtis MacDermid.
18:14 of 1st period - Stopped by Devon Levi with a rebound.
18:54 of 1st period - Uvis Balinskis is hit by Carl Grundstrom and loses puck.
19:10 of 1st period - Slapshot by Uvis Balinskis.
19:10 of 1st period - Shot Misses the Net.
19:53 of 1st period - Wrist shot by Michael Pezzetta.
19:53 of 1st period - Goal by Michael Pezzetta - Thunderbirds : 0 - Wolf Pack : 3.
19:54 of 1st period - Oskar Back wins face-off versus Vinni Lettieri in neutral zone.
Goals for this period are 0 for Thunderbirds vs 3 for Wolf Pack.
Shots for this period are 11 for Thunderbirds vs 17 for Wolf Pack.
2nd period
0:01 of 2nd period - Vinni Lettieri wins face-off versus Oskar Back in neutral zone.
0:18 of 2nd period - Vinni Lettieri is hit by Michael Pezzetta and loses puck.
0:37 of 2nd period - Dalibor Dvorsky is hit by Corey Schueneman and loses puck.
0:56 of 2nd period - Snap shot by Denton Mateychuk.
0:56 of 2nd period - Stopped by Alex Lyon without a rebound.
0:57 of 2nd period - Logan Brown wins face-off versus Hunter Haight in Wolf Pack zone.
1:06 of 2nd period - Off-side.
1:07 of 2nd period - Oskar Back wins face-off versus Arthur Kaliyev in neutral zone.
1:12 of 2nd period - Slapshot by Michael Pezzetta.
1:12 of 2nd period - Stopped by Devon Levi with a rebound.
2:16 of 2nd period - Corson Ceulemans is hit by Taylor Ward and loses puck.
2:21 of 2nd period - Backhand shot by Taylor Ward.
2:21 of 2nd period - Shot Misses the Net.
2:35 of 2nd period - Snap shot by Ben McCartney.
2:35 of 2nd period - Deflect By Konsta Helenius.
2:35 of 2nd period - Stopped by Alex Lyon without a rebound.
2:36 of 2nd period - Konsta Helenius wins face-off versus Oskar Back in Wolf Pack zone.
2:45 of 2nd period - Oskar Back is hit by Denton Mateychuk and loses puck.
2:58 of 2nd period - Oskar Back is hit by Tristen Robins and loses puck.
3:09 of 2nd period - Slapshot by Konsta Helenius.
3:09 of 2nd period - Shot Blocked by Luke Rowe.
3:51 of 2nd period - Snap shot by Michael Pezzetta.
3:51 of 2nd period - Stopped by Devon Levi without a rebound.
3:52 of 2nd period - Arthur Kaliyev wins face-off versus Brian Pinho in Thunderbirds zone.
3:59 of 2nd period - Snap shot by John Leonard.
3:59 of 2nd period - Goal by John Leonard - Thunderbirds : 1 - Wolf Pack : 3.
4:00 of 2nd period - Vinni Lettieri wins face-off versus Ivan Miroshnichenko in neutral zone.
4:25 of 2nd period - Ross Johnston is hit by Logan Brown and loses puck.
4:34 of 2nd period - Snap shot by William Stromgren.
4:34 of 2nd period - Stopped by Devon Levi with a rebound.
4:46 of 2nd period - Snap shot by William Stromgren.
4:46 of 2nd period - Shot Blocked by Denton Mateychuk.
5:07 of 2nd period - Off-side.
5:08 of 2nd period - Oskar Back wins face-off versus Arthur Kaliyev in neutral zone.
5:22 of 2nd period - Minor Penalty to John Leonard for Cross-checking.
5:23 of 2nd period - Oskar Back wins face-off versus Vinni Lettieri in Thunderbirds zone.
5:37 of 2nd period - Wrist shot by Ross Johnston.
5:37 of 2nd period - Goal by Ross Johnston - Thunderbirds : 2 - Wolf Pack : 3.
5:38 of 2nd period - Oskar Back wins face-off versus Vinni Lettieri in neutral zone.
5:41 of 2nd period - Denton Mateychuk is hit by Oskar Back.
5:51 of 2nd period - Snap shot by Carl Grundstrom.
5:51 of 2nd period - Stopped by Devon Levi without a rebound.
5:52 of 2nd period - Vinni Lettieri wins face-off versus Oskar Back in Thunderbirds zone.
5:59 of 2nd period - Wrist shot by Uvis Balinskis.
5:59 of 2nd period - Shot Misses the Net.
7:22 of 2nd period - Penalty to John Leonard is over, John Leonard is back on ice.
7:53 of 2nd period - Taylor Ward is hit by Cole Guttman and loses puck.
8:26 of 2nd period - Icing by Ben McCartney.
8:27 of 2nd period - Ryder Korczak wins face-off versus Cole Guttman in Thunderbirds zone.
8:54 of 2nd period - Kurtis MacDermid is hit by Mark Friedman and loses puck.
9:15 of 2nd period - Snap shot by John Leonard.
9:15 of 2nd period - Shot Misses the Net.
9:17 of 2nd period - Snap shot by John Leonard.
9:17 of 2nd period - Shot Blocked by Dalibor Dvorsky.
9:41 of 2nd period - William Trudeau is hit by Devin Kaplan.
10:20 of 2nd period - Slapshot by Zac Jones.
10:20 of 2nd period - Shot Blocked by Uvis Balinskis.
10:22 of 2nd period - Slapshot by Gustav Lindström.
10:22 of 2nd period - Shot Blocked by Uvis Balinskis.
10:24 of 2nd period - Slapshot by Taylor Ward.
10:24 of 2nd period - Stopped by Devon Levi with a rebound.
10:34 of 2nd period - Slapshot by Uvis Balinskis.
10:34 of 2nd period - Shot Blocked by Tobie Bisson.
10:58 of 2nd period - Oskar Back is hit by Xavier Bourgault and loses puck.
11:15 of 2nd period - Wrist shot by Tristen Robins.
11:15 of 2nd period - Stopped by Alex Lyon without a rebound.
11:16 of 2nd period - Logan Brown wins face-off versus Konsta Helenius in Wolf Pack zone.
11:16 of 2nd period - Logan Brown is hit by Corey Schueneman.
11:32 of 2nd period - Snap shot by Konsta Helenius.
11:32 of 2nd period - Shot Blocked by Tobie Bisson.
11:34 of 2nd period - Slapshot by Ben McCartney.
11:34 of 2nd period - Shot Blocked by Mark Friedman.
11:36 of 2nd period - Slapshot by Corey Schueneman.
11:36 of 2nd period - Stopped by Alex Lyon with a rebound.
11:38 of 2nd period - Slapshot by Uvis Balinskis.
11:38 of 2nd period - Stopped by Alex Lyon with a rebound.
11:40 of 2nd period - Snap shot by Ben McCartney.
11:40 of 2nd period - Stopped by Alex Lyon with a rebound.
11:42 of 2nd period - Snap shot by Tristen Robins.
11:42 of 2nd period - Stopped by Alex Lyon with a rebound.
11:44 of 2nd period - Slapshot by Uvis Balinskis.
11:44 of 2nd period - Shot Blocked by Tobie Bisson.
11:46 of 2nd period - Slapshot by Uvis Balinskis.
11:46 of 2nd period - Shot Blocked by Tobie Bisson.
11:48 of 2nd period - Slapshot by Uvis Balinskis.
11:48 of 2nd period - Deflect By Tristen Robins.
11:48 of 2nd period - Shot Blocked by Tobie Bisson.
11:48 of 2nd period - Puck is out of play.
11:49 of 2nd period - Oskar Back wins face-off versus Vinni Lettieri in Wolf Pack zone.
11:51 of 2nd period - Minor Penalty to Zac Jones for Interference.
11:52 of 2nd period - Vinni Lettieri wins face-off versus Oskar Back in Wolf Pack zone.
11:54 of 2nd period - Wrist shot by John Leonard.
11:54 of 2nd period - Shot Blocked by Michael Pezzetta.
11:56 of 2nd period - Slapshot by Uvis Balinskis.
11:56 of 2nd period - Shot Blocked by Oskar Back.
11:58 of 2nd period - Snap shot by Denton Mateychuk.
11:58 of 2nd period - Deflect By Arthur Kaliyev.
11:58 of 2nd period - Stopped by Alex Lyon without a rebound.
11:59 of 2nd period - Oskar Back wins face-off versus John Leonard in Wolf Pack zone.
11:59 of 2nd period - Oskar Back is hit by Arthur Kaliyev.
12:13 of 2nd period - Wrist shot by Arthur Kaliyev.
12:13 of 2nd period - Deflect By John Leonard.
12:13 of 2nd period - Shot Blocked by Oskar Back.
12:13 of 2nd period - Puck is out of play.
12:14 of 2nd period - Vinni Lettieri wins face-off versus Oskar Back in Wolf Pack zone.
12:17 of 2nd period - Wrist shot by Vinni Lettieri.
12:17 of 2nd period - Stopped by Alex Lyon with a rebound.
12:19 of 2nd period - Slapshot by Uvis Balinskis.
12:19 of 2nd period - Shot Blocked by Oskar Back.
13:51 of 2nd period - Penalty to Zac Jones is over, Zac Jones is back on ice.
13:59 of 2nd period - Wrist shot by Devin Kaplan.
13:59 of 2nd period - Shot Misses the Net.
14:29 of 2nd period - Wrist shot by William Stromgren.
14:29 of 2nd period - Shot Misses the Net.
14:31 of 2nd period - Slapshot by Gustav Lindström.
14:31 of 2nd period - Stopped by Devon Levi with a rebound.
14:33 of 2nd period - Wrist shot by Taylor Ward.
14:33 of 2nd period - Stopped by Devon Levi with a rebound.
14:35 of 2nd period - Slapshot by Ryder Korczak.
14:35 of 2nd period - Stopped by Devon Levi without a rebound.
14:36 of 2nd period - Cole Guttman wins face-off versus Oskar Back in Thunderbirds zone.
14:40 of 2nd period - Off-side.
14:41 of 2nd period - Cole Guttman wins face-off versus Oskar Back in neutral zone.
14:44 of 2nd period - Wrist shot by Xavier Bourgault.
14:44 of 2nd period - Stopped by Alex Lyon without a rebound.
14:45 of 2nd period - Cole Guttman wins face-off versus Oskar Back in Wolf Pack zone.
14:58 of 2nd period - Wrist shot by Cole Guttman.
14:58 of 2nd period - Stopped by Alex Lyon without a rebound.
14:59 of 2nd period - Oskar Back wins face-off versus Vinni Lettieri in Wolf Pack zone.
14:59 of 2nd period - Oskar Back is hit by Arthur Kaliyev.
15:15 of 2nd period - Snap shot by Oskar Back.
15:15 of 2nd period - Shot Blocked by Denton Mateychuk.
15:30 of 2nd period - Snap shot by Dalibor Dvorsky.
15:30 of 2nd period - Goal by Dalibor Dvorsky - Thunderbirds : 2 - Wolf Pack : 4.
15:31 of 2nd period - Oskar Back wins face-off versus John Leonard in neutral zone.
16:31 of 2nd period - Snap shot by Brian Pinho.
16:31 of 2nd period - Shot Blocked by William Trudeau.
16:37 of 2nd period - Minor Penalty to William Trudeau for Holding Stick.
16:38 of 2nd period - Vinni Lettieri wins face-off versus Brian Pinho in Thunderbirds zone.
16:50 of 2nd period - Off-side.
16:51 of 2nd period - Oskar Back wins face-off versus Vinni Lettieri in neutral zone.
17:30 of 2nd period - Slapshot by Zac Jones.
17:30 of 2nd period - Shot Blocked by John Leonard.
18:37 of 2nd period - Penalty to William Trudeau is over, William Trudeau is back on ice.
18:48 of 2nd period - Snap shot by Vinni Lettieri.
18:48 of 2nd period - Shot Misses the Net.
18:50 of 2nd period - Wrist shot by Vinni Lettieri.
18:50 of 2nd period - Stopped by Alex Lyon without a rebound.
18:51 of 2nd period - Hunter Haight wins face-off versus Logan Brown in Wolf Pack zone.
19:04 of 2nd period - Snap shot by William Stromgren.
19:04 of 2nd period - Stopped by Devon Levi with a rebound.
Goals for this period are 2 for Thunderbirds vs 1 for Wolf Pack.
Shots for this period are 14 for Thunderbirds vs 10 for Wolf Pack.
3rd period
0:01 of 3rd period - Vinni Lettieri wins face-off versus Oskar Back in neutral zone.
0:04 of 3rd period - Oskar Back is hit by Arthur Kaliyev and loses puck.
0:25 of 3rd period - Vinni Lettieri is hit by Devin Kaplan and loses puck.
1:02 of 3rd period - Wrist shot by Arthur Kaliyev.
1:02 of 3rd period - Stopped by Alex Lyon without a rebound.
1:03 of 3rd period - Oskar Back wins face-off versus Cole Guttman in Wolf Pack zone.
1:16 of 3rd period - Backhand shot by Uvis Balinskis.
1:16 of 3rd period - Shot Misses the Net.
1:18 of 3rd period - Slapshot by Uvis Balinskis.
1:18 of 3rd period - Stopped by Alex Lyon without a rebound.
1:19 of 3rd period - Jason Polin wins face-off versus Brian Pinho in Wolf Pack zone.
3:13 of 3rd period - Minor Penalty to Brian Pinho for Tripping.
3:14 of 3rd period - Oskar Back wins face-off versus Vinni Lettieri in Wolf Pack zone.
3:29 of 3rd period - Wrist shot by Vinni Lettieri.
3:29 of 3rd period - Stopped by Alex Lyon without a rebound.
3:30 of 3rd period - Vinni Lettieri wins face-off versus Oskar Back in Wolf Pack zone.
3:45 of 3rd period - Wrist shot by Arthur Kaliyev.
3:45 of 3rd period - Shot Misses the Net.
4:04 of 3rd period - Logan Brown is hit by Kurtis MacDermid and loses puck.
5:06 of 3rd period - Oskar Back is hit by John Leonard and loses puck.
5:13 of 3rd period - Penalty to Brian Pinho is over, Brian Pinho is back on ice.
5:41 of 3rd period - Reid Schaefer is hit by William Trudeau and loses puck.
6:42 of 3rd period - Logan Brown is hit by Kurtis MacDermid and loses puck.
6:52 of 3rd period - Icing by Kurtis MacDermid.
6:53 of 3rd period - Vinni Lettieri wins face-off versus Brian Pinho in Thunderbirds zone.
7:02 of 3rd period - Dalibor Dvorsky is hit by John Leonard and loses puck.
7:23 of 3rd period - Snap shot by Cole Guttman.
7:23 of 3rd period - Stopped by Alex Lyon with a rebound.
8:03 of 3rd period - Wrist shot by Devin Kaplan.
8:03 of 3rd period - Stopped by Devon Levi with a rebound.
8:05 of 3rd period - Snap shot by Logan Brown.
8:05 of 3rd period - Stopped by Devon Levi with a rebound.
8:07 of 3rd period - Slapshot by Luke Rowe.
8:07 of 3rd period - Stopped by Devon Levi with a rebound.
8:09 of 3rd period - Slapshot by Luke Rowe.
8:09 of 3rd period - Shot Misses the Net.
8:59 of 3rd period - Off-side.
9:00 of 3rd period - Hunter Haight wins face-off versus Devin Kaplan in neutral zone.
9:03 of 3rd period - Wrist shot by Kurtis MacDermid.
9:03 of 3rd period - Stopped by Alex Lyon with a rebound.
9:34 of 3rd period - Slapshot by Arthur Kaliyev.
9:34 of 3rd period - Deflect By John Leonard.
9:34 of 3rd period - Shot Misses the Net.
9:34 of 3rd period - Puck is out of play.
9:35 of 3rd period - Brian Pinho wins face-off versus Vinni Lettieri in Wolf Pack zone.
9:35 of 3rd period - Brian Pinho is hit by Arthur Kaliyev.
10:12 of 3rd period - Snap shot by Carl Grundstrom.
10:12 of 3rd period - Shot Blocked by Xavier Bourgault.
10:14 of 3rd period - Slapshot by Gustav Lindström.
10:14 of 3rd period - Stopped by Devon Levi without a rebound.
10:15 of 3rd period - Vinni Lettieri wins face-off versus Logan Brown in Thunderbirds zone.
10:15 of 3rd period - Vinni Lettieri is hit by Logan Brown.
10:21 of 3rd period - William Stromgren is hit by Uvis Balinskis and loses puck.
10:26 of 3rd period - Snap shot by Arthur Kaliyev.
10:26 of 3rd period - Shot Misses the Net.
10:28 of 3rd period - Slapshot by Arthur Kaliyev.
10:28 of 3rd period - Shot Misses the Net.
11:05 of 3rd period - Snap shot by Kurtis MacDermid.
11:05 of 3rd period - Deflect By Dalibor Dvorsky.
11:05 of 3rd period - Shot Blocked by Luke Rowe.
11:05 of 3rd period - Puck is out of play.
11:06 of 3rd period - Brian Pinho wins face-off versus Hunter Haight in Wolf Pack zone.
11:30 of 3rd period - Carl Grundstrom is hit by Denton Mateychuk and loses puck.
11:35 of 3rd period - Wrist shot by Kurtis MacDermid.
11:35 of 3rd period - Stopped by Alex Lyon with a rebound.
11:37 of 3rd period - Slapshot by Josh Jacobs.
11:37 of 3rd period - Shot Blocked by Michael Pezzetta.
11:51 of 3rd period - Wrist shot by Hunter Haight.
11:51 of 3rd period - Deflect By Zac Jones.
11:51 of 3rd period - Shot Blocked by Carl Grundstrom.
11:51 of 3rd period - Puck is out of play.
11:52 of 3rd period - Brian Pinho wins face-off versus Vinni Lettieri in Wolf Pack zone.
11:52 of 3rd period - Brian Pinho is hit by John Leonard.
12:49 of 3rd period - Wrist shot by Oskar Back.
12:49 of 3rd period - Shot Blocked by Josh Jacobs.
13:45 of 3rd period - Slapshot by Cole Guttman.
13:45 of 3rd period - Shot Blocked by William Stromgren.
13:47 of 3rd period - Snap shot by Corey Schueneman.
13:47 of 3rd period - Shot Blocked by Gustav Lindström.
13:53 of 3rd period - Minor Penalty to Gustav Lindström for Hooking.
13:54 of 3rd period - Vinni Lettieri wins face-off versus Oskar Back in Wolf Pack zone.
14:06 of 3rd period - Off-side.
14:07 of 3rd period - Michael Pezzetta wins face-off versus Vinni Lettieri in neutral zone.
15:47 of 3rd period - Josh Jacobs is hit by Luke Rowe and loses puck.
15:53 of 3rd period - Penalty to Gustav Lindström is over, Gustav Lindström is back on ice.
Goals for this period are 0 for Thunderbirds vs 0 for Wolf Pack.
Shots for this period are 6 for Thunderbirds vs 4 for Wolf Pack.